 Dungeon Crawl Stone Soup version 0.32-a0-699-g1ee5eff69a (webtiles) character file.

Game seed: 2606534798381898846

93 Fodor the Covered (level 4, -2/40 HPs)
             Began as a Minotaur Fighter on Mar 13, 2024.
             Incinerated by a bombardier beetle (9 damage)
             ... with a burning spray
             ... on level 3 of the Dungeon.
             The game lasted 00:04:11 (1647 turns).

Fodor the Covered (Minotaur Fighter)                Turns: 1647, Time: 00:04:12

Health: -2/40      AC: 13    Str: 23    XL:     4   Next: 37%
Magic:  3/3        EV:  5    Int:  5    God:
Gold:   74         SH:  4    Dex:  9    Spells: 3/3 levels left

rFire   . . .        p - +0 sling
rCold   . . .        c - +0 buckler
rNeg    . . .        b - +0 plate armour
rPois   .            (helmet restricted)
rElec   .            (no cloak)
rCorr   .            i - +0 pair of gloves
SInv    .            (no boots)
Will    .....        (no amulet) Stlth
                     (no ring)
HPRegen 0.26/turn    (no ring)
MPRegen 0.08/turn

%: no passive effects
@: on fire, glowing
A: horns 2, retaliatory headbutt
a: no special abilities


You were on level 3 of the Dungeon.
You visited 1 branch of the dungeon, and saw 3 of its levels.

You collected 74 gold pieces.

Inventory:

Hand Weapons
 a - a +0 war axe
 n - a +0 morningstar
 p - a +0 sling (weapon)
Armour
 b - a +0 plate armour (worn)
 c - a +0 buckler (worn)
 i - a +0 pair of gloves (worn)
Wands
 k - a wand of flame (27)
 m - a wand of charming (2)
Scrolls
 e - a scroll of teleportation {unknown}
 g - a scroll of enchant weapon {unknown}
 l - a scroll of identify {unknown}
 o - a scroll of enchant armour {unknown}
Potions
 d - 2 potions of might
 f - a potion of brilliance {unknown}
 h - 2 potions of curing
 j - a potion of attraction {unknown}


   Skills:
 + Level 4.2 Fighting
 + Level 4.1 Axes
 + Level 4.6 Armour
 + Level 0.1 Dodging
 + Level 3.9 Shields


You had 3 spell levels left.
You didn't know any spells.
Your spell library was empty.

Dungeon Overview and Level Annotations

Branches:
Dungeon (3/15)

Altars:


Innate Abilities, Weirdness & Mutations

You have a pair of horns on your head.
You reflexively headbutt those who attack you in melee.


Message History

Unknown command.
Unknown command.
Unknown command.
Unknown command.
Unknown command.
You shoot a sling bullet.
The sling bullet hits the bombardier beetle but does no damage.
The bombardier beetle is moderately wounded.
You shoot a sling bullet.
The sling bullet hits the bombardier beetle but does no damage.
The bombardier beetle is moderately wounded.
The bombardier beetle sprays incendiary fluid at you.
The burning spray hits you.
You are covered in liquid fire!
You shoot a sling bullet.
The sling bullet hits the bombardier beetle.
The bombardier beetle is heavily wounded.
The liquid fire burns you!
You shoot a sling bullet.
The sling bullet hits the bombardier beetle but does no damage.
The bombardier beetle is heavily wounded.
The liquid fire burns you!
You shoot a sling bullet.
The sling bullet barely misses the bombardier beetle.
The liquid fire burns you!
The bombardier beetle sprays incendiary fluid at you.
The burning spray hits you.
You are even more covered in liquid fire!
You are too injured to fight recklessly!
You are too injured to fight recklessly!
You shoot a sling bullet.
The sling bullet barely misses the bombardier beetle.
The liquid fire burns you!
* * * LOW HITPOINT WARNING * * *
The bombardier beetle bites you but does no damage.
You shoot a sling bullet.
The sling bullet hits the bombardier beetle.
The bombardier beetle is severely wounded.
The liquid fire burns you!
You die...

.... ....
..... ... ...
#.### #.B.#
#@## # #..# #
##.## ###
#.[#### ##..
##....# ##..#
####.# ##...#
#.######>....
#....##..#.##
####.........


You could see a bombardier beetle.

Vanquished Creatures
  Jessica (D:2)
  3 gnolls (D:2)
  A dart slug (D:2)
  3 ribbon worms (D:2)
  An endoplasm (D:1)
  2 giant cockroaches (D:2)
  A goblin (D:2)
  5 hobgoblins
  4 quokkas
  A ball python (D:1)
  A frilled lizard (D:2)
  4 kobolds
  2 rats (D:1)
29 creatures vanquished.

Notes
Turn   | Place    | Note
-------+----------+-------------------------------------------
     0 | D:1      | Fodor the Minotaur Fighter began the quest for the Orb.
     0 | D:1      | Reached XP level 1. HP: 19/19 MP: 0/0
   443 | D:1      | Reached XP level 2. HP: 27/27 MP: 1/1
   880 | D:2      | Reached XP level 3. HP: 17/33 MP: 2/2
   883 | D:2      | HP: 1/33 [gnoll/+0 club (6)]
  1017 | D:2      | Found a faded altar of an unknown god.
  1148 | D:2      | Noticed Jessica
  1153 | D:2      | Killed Jessica
  1154 | D:2      | Reached XP level 4. HP: 40/40 MP: 3/3
  1647 | D:3      | Incinerated by a bombardier beetle

Illustrated notes

Levels and vault maps discovered:
D:1:      dpeg_arrival_more_subterranean_lakeside_camping, layout_basic
D:2:      minmay_general_purpose_star, layout_basic,
          shapermc_ecumenical_altar_notcrosses, uniq_jessica
D:3:      minmay_inner_zag, layout_basic, serial_shops,
          nicolae_shop_hallway_plus, nicolae_shop_rolling_square, st_stairs_12

Skill      XL: |  1  2  3 |
---------------+----------+-----
Armour         | 4 |  4.6
Axes           | 3 4 |  4.1
Fighting       | 4 |  4.2
Dodging        | |  0.1
Shields        | |  3.9

Action                     |  1- 3 |  4- 6 || total
---------------------------+-------+-------++-------
  Melee: War axe           |    43 |    16 ||    59
         Headbutt          |     7 |     4 ||    11
   Fire: Sling             |       |     9 ||     9
    Use: Potion            |     1 |       ||     1
 Armour: Scale mail        |    32 |       ||    32
         Plate armour      |     2 |    14 ||    16
  Dodge: Dodged            |    20 |     5 ||    25
  Block: Buckler           |     7 |       ||     7

Table legend: (Time is in decaauts)
 A = Elapsed time spent in this place.
 B = Non-inter-level travel time spent in this place.
 C = Inter-level travel time spent in this place.
 D = Time resting spent in this place.
 E = Time spent auto-exploring this place.
 F = Levels seen in this place.
 G = Mean time per level.
                   A        B        C        D        E       F      G
               +--------+--------+--------+--------+--------+-----+--------+
         Total |   1679 |   1595 |     84 |      0 |   1259 |   3 |  559.7 |
       Dungeon |   1679 |   1595 |     84 |      0 |   1259 |   3 |  559.7 |
               +--------+--------+--------+--------+--------+-----+--------+

Top non-repeatable levels by time:
     D:2: 977 daAuts
     D:1: 601 daAuts
     D:3: 99 daAuts
